 Dungeon Crawl Stone Soup version 0.24.0-13-gcf9b319 (webtiles) character file.

Game seed: 16407248264424898841, levelgen mode: deterministic

133 qdestroyer the Covered (level 4, -1/40 HPs)
             Began as a Minotaur Fighter on Nov 20, 2019.
             Succumbed to a kobold's poison
             ... on level 2 of the Dungeon.
             The game lasted 00:03:52 (1532 turns).

qdestroyer the Covered (Minotaur Fighter)           Turns: 1532, Time: 00:03:53

Health: -1/40      AC:  9    Str: 21    XL:     4   Next: 94%
Magic:  3/3        EV:  6    Int:  5    God:
Gold:   37         SH:  9    Dex: 10    Spells: 3/3 levels left

rFire    . . .     SeeInvis .   m - +3 spear
rCold    . . .     Gourm    .   c - +0 shield
rNeg     . . .     Faith    .   i - +0 chain mail
rPois    .         Spirit   .   (helmet restricted)
rElec    .         Reflect  .   (no cloak)
rCorr    .         Harm     .   (no gloves)
MR       .....                  (no boots)
Stlth    ..........             (no amulet)
HPRegen  0.13/turn              g - ring of stealth
MPRegen  0.08/turn              (no ring)

@: lethally poisoned (-1 -> -37)
A: retaliatory headbutt, horns 2
a: no special abilities


You were on level 2 of the Dungeon.
You were not hungry.

You visited 1 branch of the dungeon, and saw 2 of its levels.

You collected 37 gold pieces.

Inventory:

Hand Weapons
 m - a +3 spear (weapon)
Armour
 c - a +0 shield (worn)
 i - a +0 chain mail (worn)
Jewellery
 g - a ring of stealth (left hand)
 l - an uncursed ring of resist corrosion {unknown}
Scrolls
 b - 3 scrolls of enchant armour {unknown}
 e - 3 scrolls of identify {unknown}
 j - a scroll of remove curse {unknown}
 k - 2 scrolls of blinking {unknown}
Potions
 d - a potion of might
 h - 2 potions of heal wounds {unknown}
Comestibles
 f - 6 rations


   Skills:
 + Level 4.2 Fighting
   Level 3.8 Maces & Flails
 + Level 0.1 Polearms
 + Level 4.6 Armour
 + Level 0.9 Dodging
 + Level 0.6 Stealth
 + Level 4.5 Shields


You had 3 spell levels left.
You didn't know any spells.
Your spell library was empty.

Dungeon Overview and Level Annotations

Branches:
Dungeon (2/15)

Altars:
Uskayaw
Zin


Innate Abilities, Weirdness & Mutations

You reflexively headbutt those who attack you in melee.
You have a pair of horns on your head.


Message History

You feel very sick. The kobold hits you but does no damage.
The kobold closely misses you. You furiously retaliate!
You headbutt the kobold!
You kill the kobold!
Your shield and chain mail prevent you from hitting the kobold.
Your headbutt misses the kobold.
The kobold is severely wounded.
* * * LOW HITPOINT WARNING * * *
You feel very sick. You block the kobold's attack.
Unknown command.
You closely miss the kobold. Your headbutt misses the kobold.
The kobold is severely wounded.
* * * LOW HITPOINT WARNING * * *
You feel very sick. The kobold hits you but does no damage.
Unknown command.
You puncture the kobold!
You kill the kobold!
You die...

#.#...#.# #.....#.#
##...# #.#.###.#
#...###.# ##'## #.#.#
#.# #..## #.# ####
#.#.###.# #..####.# #.#
...# #.......# #.......#
##.##
##.#####.#######)#######
##...# .........#
#...##########.....
##.#######
#.(.#........##...# ##.#
##@#########......# ##.#
#.))).# #####.## ...#
#!..!..$# #.# ####
#.......# #.# #######
#).$....# #.# ......#
##[....## #.# #####.#
############ #.# #.#
#...# #.# #####.#####
#.#.######.#


There were no monsters in sight!

Vanquished Creatures
  Jessica (D:2)
  4 gnolls (D:2)
  An adder (D:2)
  An ooze (D:1)
  A worm (D:2)
  A dart slug (D:1)
  2 bats (D:1)
  A giant cockroach (D:1)
  2 goblins (D:1)
  7 hobgoblins
  5 jackals
  A quokka (D:2)
  A ball python (D:1)
  4 frilled lizards
  15 kobolds
  7 rats
54 creatures vanquished.

Notes
Turn   | Place    | Note
-------+----------+-------------------------------------------
     0 | D:1      | qdestroyer the Minotaur Fighter began the quest for the
                  | Orb.
     0 | D:1      | Reached XP level 1. HP: 19/19 MP: 0/0
    34 | D:1      | Reached XP level 2. HP: 20/27 MP: 1/1
   257 | D:1      | You fall into a shaft and drop 1 floor!
   358 | D:1      | Reached XP level 3. HP: 32/33 MP: 2/2
  1121 | D:2      | Found a hide-covered altar of Uskayaw.
  1137 | D:2      | Reached XP level 4. HP: 37/40 MP: 3/3
  1291 | D:2      | Found a glowing silver altar of Zin.
  1365 | D:2      | Noticed Jessica
  1368 | D:2      | Killed Jessica
  1531 | D:2      | HP: 2/40 [poisoned by a kobold]
  1532 | D:2      | Succumbed to a kobold's poison

Levels and vault maps discovered:
D:1:      lemuel_arrival_rhombus, layout_loops_ring
D:2:      layout_loops_corners, old_standard_altar, zin_statuary, first_ration,
          minmay_goblin_kobold_house, uniq_jessica

Skill      XL: |  1  2  3 |
---------------+----------+-----
Armour         | 4 |  4.6
Shields        | 4 |  4.5
Fighting       | 4 |  4.2
Maces & Flails | 3 |  3.8
Polearms       | |  0.1
Dodging        | |  0.9
Stealth        | |  0.6

Action                   |  1- 3 |  4- 6 || total
-------------------------+-------+-------++-------
Melee: Flail             |   110 |    10 ||   120
       Headbutt          |    13 |     6 ||    19
       Spear             |       |    30 ||    30
  Eat: Ration            |     1 |       ||     1
Armor: Scale mail        |    12 |       ||    12
       Chain mail        |    53 |    23 ||    76
Dodge: Dodged            |    27 |    10 ||    37
Block: Shield            |    59 |    27 ||    86
